 Dungeon Crawl Stone Soup version 0.30-a0-1035-g38d5fb2972 (webtiles) character file.

Game seed: 3590290186422288147

4 Jogans the Chucker (level 1, -1/16 HPs)
             Began as a Human Wanderer on Apr 8, 2023.
             Slain by a hobgoblin (3 damage)
             ... on level 1 of the Dungeon.
             The game lasted 00:02:26 (150 turns).

Jogans the Chucker (Human Wanderer)                  Turns: 150, Time: 00:02:26

Health: -1/16      AC:  3    Str: 10    XL:     1   Next: 66%
Magic:  2/2        EV:  8    Int: 12    God:
Gold:   11         SH:  0    Dex: 14    Spells: 2/2 levels left

rFire   . . .      SeeInvis .    a - +2 dagger
rCold   . . .      Faith    .    (no shield)
rNeg    . . .      Spirit   .    f - +0 robe
rPois   .          Reflect  .    (no helmet)
rElec   .          Rampage  .    d - +0 cloak
rCorr   .                        (no gloves)
Will    .....                    (no boots)
Stlth   ++                       (no amulet)
HPRegen 0.22/turn                (no ring)
MPRegen 0.08/turn                (no ring)

@: constricted, studying Fighting
A: no striking features
a: no special abilities


You were on level 1 of the Dungeon.
You visited 1 branch of the dungeon, and saw 1 of its levels.

You collected 11 gold pieces.

Inventory:

Hand Weapons
 a - a +2 dagger (weapon)
 c - a +0 quarterstaff
Missiles
 b - 4 curare-tipped darts (quivered)
Armour
 d - a +0 cloak (worn)
 f - a +0 robe (worn)
Scrolls
 e - a scroll of silence
 g - a scroll of enchant armour {unknown}


   Skills:
 + Level 2.1 Fighting
 + Level 1.1 Staves
 + Level 3.0 Throwing
 + Level 1.1 Armour
 + Level 2.0 Stealth
 + Level 1.1 Spellcasting


You had 2 spell levels left.
You didn't know any spells.
Your spell library was empty.

Dungeon Overview and Level Annotations

Branches:
Dungeon (1/15)

Altars:


Message History

A hobgoblin is nearby!
A hobgoblin is nearby!
A hobgoblin is nearby!
A hobgoblin is nearby!
A hobgoblin is nearby!
A hobgoblin is nearby!
A hobgoblin is nearby!
A hobgoblin is nearby!
A hobgoblin is nearby!
A hobgoblin is nearby!
A hobgoblin is nearby!
A ball python comes into view.
The hobgoblin closely misses you.
A ball python comes into view.
The hobgoblin hits you. The hobgoblin completely misses you.
The hobgoblin hits you. The hobgoblin barely misses you.
The ball python barely misses you. x2
The hobgoblin hits you but does no damage.
The ball python bites you but does no damage.
The ball python completely misses you. The hobgoblin hits you.
The ball python closely misses you. The ball python grabs you.
The ball python constricts you. The hobgoblin hits you.
The ball python bites you. The ball python constricts you.
The ball python bites you but does no damage.
The ball python constricts you. The hobgoblin hits you.
The ball python bites you but does no damage.
The ball python constricts you.
The hobgoblin hits you but does no damage.
The ball python closely misses you. The ball python constricts you.
The hobgoblin hits you.
* * * LOW HITPOINT WARNING * * *
The ball python bites you.
* * * LOW HITPOINT WARNING * * *
The ball python constricts you.
The hobgoblin hits you but does no damage.
The ball python closely misses you. The ball python constricts you.
The hobgoblin hits you.
You die...

.# .# . .#
.# #. .#
.# . .#
.####.# #.
#.#
......#
.##.#
.######
...# .#
#gS# .#
#@.# .#
#..# .#
#######..#
.#
.........#
.#
#######.##
.# #.# .#
#.# .# #.#
.# #.#


You could see a hobgoblin and a ball python.

Vanquished Creatures
  2 ball pythons (D:1)
  A hobgoblin (D:1)
3 creatures vanquished.

Notes
Turn   | Place    | Note
-------+----------+-------------------------------------------
     0 | D:1      | Jogans the Human Wanderer began the quest for the Orb.
     0 | D:1      | Jogans set off with the following items: a +2 dagger, 4
                  | curare-tipped darts, a +0 quarterstaff, a +0 cloak, a
                  | scroll of silence, a +0 robe.
     0 | D:1      | Reached XP level 1. HP: 16/16 MP: 2/2
   150 | D:1      | Slain by a hobgoblin

Illustrated notes

Levels and vault maps discovered:
D:1:      dpeg_arrival_tiny_d, layout_loops_ring, chequers_serial_rivers_micro_b

Action                     || total
---------------------------++-------
  Melee: Dagger            ||     7
 Armour: Robe              ||     6
  Dodge: Dodged            ||    14

Table legend: (Time is in decaauts)
 A = Elapsed time spent in this place.
 B = Non-inter-level travel time spent in this place.
 C = Inter-level travel time spent in this place.
 D = Time resting spent in this place.
 E = Time spent auto-exploring this place.
 F = Levels seen in this place.
 G = Mean time per level.
                   A        B        C        D        E       F      G
               +--------+--------+--------+--------+--------+-----+--------+
         Total |    150 |    136 |     14 |      0 |     91 |   1 |  150.0 |
       Dungeon |    150 |    136 |     14 |      0 |     91 |   1 |  150.0 |
               +--------+--------+--------+--------+--------+-----+--------+

Top non-repeatable levels by time:
     D:1: 150 daAuts
